 Dungeon Crawl Stone Soup version 0.28-a0-895-g6e5f11bd55 (webtiles) character file.

Game seed: 11989139176916123473

134 siradein the Vexing (level 4, -4/30 HPs)
             Began as a Demonspawn Enchanter on Nov 23, 2021.
             Killed from afar by Natasha (8 damage)
             ... with a puff of flame
             ... on level 3 of the Dungeon.
             The game lasted 00:06:32 (2690 turns).

siradein the Vexing (Demonspawn Enchanter)          Turns: 2690, Time: 00:06:32

Health: -4/30      AC:  4    Str:  8    XL:     4   Next: 95%
Magic:  8/8        EV: 11    Int: 23    God:
Gold:   79         SH:  4    Dex: 18    Spells: 3/8 levels left

rFire   . . .      SeeInvis .   j - +2 dagger (venom)
rCold   . . .      Faith    .   p - +0 buckler
rNeg    . . .      Spirit   .   o - +0 leather armour
rPois   .          Reflect  .   (no helmet)
rElec   .          Harm     .   (no cloak)
rCorr   .          Rampage  .   r - +0 pair of gloves
Will    .....                   (no boots)
Stlth   ++++......              (no amulet)
HPRegen 0.10/turn               k - +6 ring of intelligence
MPRegen 0.11/turn               (no ring)

@: no status effects
A: thin skeletal structure 2
a: no special abilities


You were on level 3 of the Dungeon.
You visited 1 branch of the dungeon, and saw 3 of its levels.

You collected 79 gold pieces.

Inventory:

Hand Weapons
 j - a +2 dagger of venom (weapon)
 t - a +1 dagger of speed
Missiles
 e - 77 stones (quivered)
 f - 37 sling bullets
 m - 50 bolts
 n - 27 arrows
Armour
 o - a +0 leather armour (worn)
 p - a +0 buckler (worn)
 r - a +0 pair of gloves (worn)
Jewellery
 b - a +6 ring of dexterity
 k - a +6 ring of intelligence (left hand)
Scrolls
 a - a scroll of enchant weapon {unknown}
 i - 2 scrolls of amnesia {unknown}
 l - a scroll of magic mapping {unknown}
 s - a scroll of identify {unknown}
 u - a scroll of enchant armour {unknown}
Potions
 c - a potion of invisibility
 d - 2 potions of curing {unknown}
 g - 3 potions of haste {unknown}
 h - a potion of might {unknown}
 q - a potion of heal wounds {unknown}


   Skills:
 + Level 2.0 Short Blades
 + Level 2.6 Dodging
 + Level 3.4 Stealth
 + Level 2.7 Spellcasting
 + Level 3.6 Hexes


You had 3 spell levels left.
You knew the following spells:

 Your Spells              Type           Power      Damage    Failure   Level
a - Ensorcelled Hibernat  Hex/Ice        22%        N/A       21%         2
b - Confusing Touch       Hex            20%        N/A       19%         3

Your spell library contained the following spells:

 Spells                   Type           Power      Damage    Failure   Level
 Tukima's Dance           Hex            20%        N/A       19%         3
 Dazzling Flash           Conj/Hex       22%        N/A       38%         3
 Passage of Golubria      Tloc           3%         N/A       96%         4
 Yara's Violent Unravell  Hex/Tmut       5%         3d4       98%         5


Dungeon Overview and Level Annotations

Branches:
Dungeon (3/15)

Altars:

Annotations:
D:3 Natasha


Innate Abilities, Weirdness & Mutations

You have a moderately thin skeletal structure. (Dex +4, Stealth++)


Message History

Natasha mewls in sadness.
The orc throws a boomerang.
The boomerang hits you but does no damage.
Natasha mumbles some strange words.
The endoplasm hits you but does no damage.
Natasha casts a spell.
The crimson imp blinks!
Natasha casts a spell.
A worm comes into view.
You hit the orc.
The orc is moderately wounded.
The orc barely misses you. You block the endoplasm's attack.
You hit the orc.
The orc is poisoned.
The orc is heavily wounded.
The orc hits you with a +0 mace. The endoplasm freezes you.
You are frozen.
You closely miss the orc.
The orc is almost dead.
The crimson imp blinks!
The orc hits you with a +0 mace.
The endoplasm hits you but does no damage.
You barely miss the orc.
The orc is almost dead.
The orc closely misses you. The endoplasm misses you.
You hit the orc.
You kill the orc!
Natasha misses you. You block the endoplasm's attack.
The endoplasm jiggles.
Natasha stares at you and mumbles some strange words.
The magic dart hits you.
* * * LOW HITPOINT WARNING * * *
Items here: ( ) [ †.
Natasha mumbles some strange words.
The crimson imp hits you.
* * * LOW HITPOINT WARNING * * *
The crimson imp blinks!
Natasha zaps a wand.
The puff of flame hits you.
* * * LOW HITPOINT WARNING * * *
Natasha zaps a wand.
The puff of flame hits you!
You die...

#.#.####### #
#######.#)########
#
..................
#
#######.#Jh#######
# #.##§#
#############.##.#
......55.ho.5.##.#
.###############.#
.# #@# .# #5# .#
#.# .# #.# 5# #.#
5# #.# .# #.# .#
#.# .###### #.#


You could see Natasha, a crimson imp (summoned) and an endoplasm.

Vanquished Creatures
  An orc priest (D:3)
  3 adders (D:2)
  2 gnolls (D:1)
  A dart slug (D:1)
  3 orcs (D:3)
  6 endoplasms
  A giant cockroach (D:1)
  4 goblins (D:2)
  6 hobgoblins
  6 kobolds
  2 quokkas (D:1)
  5 ball pythons
  5 bats
  3 frilled lizards
  6 rats
54 creatures vanquished.

Vanquished Creatures (others)
  A plant (D:2)
1 creature vanquished.

Grand Total: 55 creatures vanquished

Notes
Turn   | Place    | Note
-------+----------+-------------------------------------------
     0 | D:1      | siradein the Demonspawn Enchanter began the quest for the
                  | Orb.
     0 | D:1      | Reached XP level 1. HP: 13/13 MP: 3/3
    75 | D:1      | Reached skill level 1 in Short Blades
   823 | D:1      | Gained mutation: You have a somewhat thin skeletal
                  | structure. (Dex +2, Stealth+) [demonic ancestry]
   823 | D:1      | Reached XP level 2. HP: 14/19 MP: 5/5
  1051 | D:1      | Learned a level 2 spell: Ensorcelled Hibernation
  1339 | D:1      | Reached XP level 3. HP: 24/24 MP: 6/6
  1348 | D:1      | Learned a level 3 spell: Confusing Touch
  1830 | D:2      | Gained mutation: You have a moderately thin skeletal
                  | structure. (Dex +4, Stealth++) [demonic ancestry]
  1830 | D:2      | Reached XP level 4. HP: 24/30 MP: 7/7
  2211 | D:2      | Found a faded altar of an unknown god.
  2637 | D:3      | Noticed Natasha
  2690 | D:3      | Killed from afar by Natasha

Illustrated notes

Levels and vault maps discovered:
D:1:      dpeg_arrival_water_temple_mockup, layout_basic
D:2:      layout_basic, shapermc_ecumenical_altar_flowoftime, corner_web_ring
D:3:      layout_loops_ring, serial_shops, nicolae_square_shop,
          minmay_crystal_room, uniq_sigmund, uniq_robin, uniq_natasha

Skill      XL: |  1  2  3  4 |
---------------+-------------+-----
Short Blades   | 1 2 |  2.0
Dodging        | 2 |  2.6
Stealth        | 3 |  3.4
Spellcasting   | |  2.7
Hexes          | |  3.6

Action                   |  1- 3 |  4- 6 || total
-------------------------+-------+-------++-------
Melee: Dagger            |    90 |    54 ||   144
Throw: Stone             |     1 |       ||     1
 Stab: Sleeping          |    13 |     4 ||    17
       Distracted        |     1 |       ||     1
Armor: Robe              |    17 |       ||    17
       Leather armour    |     1 |    18 ||    19
Dodge: Dodged            |    48 |    24 ||    72
Block: Buckler           |     1 |     8 ||     9

Table legend: (Time is in decaauts)
 A = Elapsed time spent in this place.
 B = Non-inter-level travel time spent in this place.
 C = Inter-level travel time spent in this place.
 D = Time resting spent in this place.
 E = Time spent auto-exploring this place.
 F = Levels seen in this place.
 G = Mean time per level.
                   A        B        C        D        E       F      G
               +--------+--------+--------+--------+--------+-----+--------+
         Total |   2683 |   2646 |     37 |      0 |   2094 |   3 |  894.3 |
       Dungeon |   2683 |   2646 |     37 |      0 |   2094 |   3 |  894.3 |
               +--------+--------+--------+--------+--------+-----+--------+

Top non-repeatable levels by time:
     D:1: 1562 daAuts
     D:2: 917 daAuts
     D:3: 203 daAuts
